 Dungeon Crawl Stone Soup version 0.24-a0-715-g0b739ee41d (webtiles) character file.

Game seed: 9684181795078858378, levelgen mode: deterministic

1765 MalarOregon the Cudgeler (level 8, -2/60 HPs)
             Began as a White Draconian Air Elementalist on Sept 30, 2019.
             Was an Initiate of Hepliaklqana.
             Killed from afar by Harold (4 damage)
             ... with a harpoon shot
             ... on level 6 of the Dungeon.
             The game lasted 00:16:14 (7427 turns).

MalarOregon the Cudgeler (DrAE)                     Turns: 7427, Time: 00:16:15

Health: -2/60      AC:  8    Str: 12    XL:     8   Next: 79%
Magic:  0/14       EV: 13    Int: 17    God:    Hepliaklqana [......]
Gold:   442        SH:  7    Dex: 11    Spells: 10/15 levels left

rFire    . . .     SeeInvis .   f - +0 flail
rCold    + . .     Gourm    .   o - +0 buckler
rNeg     . . .     Faith    .   (armour unavailable)
rPois    .         Spirit   .   (helmet restricted)
rElec    .         Reflect  +   h - +1 cloak
rCorr    .         Harm     .   (no gloves)
MR       .....                  (no boots)
Stlth    ++........             m - +3 amulet of reflection
HPRegen  0.20/turn              (no ring)
MPRegen  0.14/turn              (no ring)

@: short of breath, marked, flying (expiring)
A: breathe frost, unfitting armour, reduced essence, cold resistance 1,
cold-blooded, AC +6
a: Breathe Frost, Recall Ancestor, Ancestor Identity, Renounce Religion


You were on level 6 of the Dungeon.
You worshipped Hepliaklqana.
Hepliaklqana was noncommittal.
You were very hungry.

You visited 2 branches of the dungeon, and saw 8 of its levels.

You collected 442 gold pieces.

Inventory:

Hand Weapons
 f - a +0 flail (weapon)
   (You took it off a gnoll on level 5 of the Dungeon)
Missiles
 r - a throwing net (quivered) {!f}
Armour
 h - a +1 cloak (worn)
   (You found it on level 5 of the Dungeon)
 o - a +0 buckler (worn)
   (You found it on level 6 of the Dungeon)
Jewellery
 m - a +3 amulet of reflection (around neck)
   (You found it on level 5 of the Dungeon)
Scrolls
 b - 6 scrolls of teleportation {@r4}
 c - 2 scrolls of vulnerability {!r}
 d - a scroll of enchant weapon
 i - a scroll of fog
 j - 8 scrolls of identify {@r1}
 k - 2 scrolls of fear
 n - a scroll of remove curse {@r2}
Potions
 a - 7 potions of curing {@q1}
 g - 5 potions of brilliance
 l - 2 potions of haste {@q3}
Comestibles
 e - 9 rations {!d}


   Skills:
 + Level 4.7 Fighting
 * Level 6.0 Maces & Flails
 + Level 4.3 Dodging
 - Level 1.7 Stealth
 * Level 2.7 Shields
 + Level 4.4 Spellcasting
 - Level 2.0 Conjurations
 - Level 5.0 Air Magic


You had 10 spell levels left.
You knew the following spells:

 Your Spells              Type           Power        Failure   Level  Hunger
a - Shock                 Conj/Air       ###.         4%          1    None
b - Airstrike             Air            ###.......   22%         4    ####...

Your spell library contained the following spells:

 Spells                   Type           Power        Failure   Level  Hunger
 Swiftness                Chrm/Air       ##......     10%         2    ##.....
 Static Discharge         Conj/Air       ###.....     12%         3    ###....
 Animate Skeleton         Necr           N/A          17%         1    None
 Apportation              Tloc           #.....       17%         1    None
 Confusing Touch          Hex            #.....       17%         1    None
 Summon Small Mammal      Summ           #...         17%         1    None
 Lightning Bolt           Conj/Air       ###.......   75%         5    ######.


Dungeon Overview and Level Annotations

Branches:
Dungeon (7/15)             Temple (1/1) D:5

Altars:
Ashenzari
Cheibriados
Dithmenos
Gozag
Hepliaklqana
Kikubaaqudgha
Makhleb
Okawaru
Qazlal
Ru
Trog
Uskayaw
Vehumet
Wu Jian
Xom
Yredelemnul
Zin
The Shining One

Annotations:
D:3 1 runed translucent door, Crazy Yiuf
D:6 Harold


Innate Abilities, Weirdness & Mutations

You can breathe waves of freezing cold.
You can buffet flying creatures when you breathe cold.
Your icy white scales are hard. (AC +6)
You cannot fit into any form of body armour.
Your flesh is cold resistant. (rC+)
You are cold-blooded and may be slowed by cold attacks.
Your life essence is reduced to manifest your ancestor. (-10% HP)


Message History

Xolani hits Harold but does no damage.
Harold hits Xolani with a +0 dire flail!
Xolani hits Harold but does no damage.
Harold hits Xolani with a +0 dire flail!
Xolani hits Harold but does no damage.
Harold hits Xolani with a +0 dire flail.
Xolani hits Harold but does no damage.
There is a stone staircase leading up, spattered with blood here.
Harold hits Xolani with a +0 dire flail!
Xolani is destroyed!
Aim: Harold, wielding a +0 dire flail and wearing a +0 chain mail (almost dead, hasn't noticed you)
The zap hits Harold.
You aren't carrying any items that you can evoke.
It was a potion of flight.
You feel very buoyant.
You fly up into the air.
Harold gestures at you while chanting. The mark upon you grows brighter.
Harold casts a spell at you. The mark upon you grows brighter.
You fly upwards.
There is a stone staircase leading down here.
That beam is likely to hit you.
Continue anyway?
The zap misses Harold.
The zap hits Harold.
The zap hits you.
* * * LOW HITPOINT WARNING * * *
Harold hits you with a +0 dire flail!
* * * LOW HITPOINT WARNING * * *
Aim: Harold, wielding a +0 dire flail and wearing a +0 chain mail (almost dead)
You exhale a wave of freezing cold.
The freezing breath hits Harold.
You feel somewhat more hungry. Harold barely misses you.
Harold gestures at you while chanting. The mark upon you grows brighter.
Harold points at you and mumbles some strange words.
The mark upon you grows brighter.
The zap hits Harold.
The zap hits Harold but does no damage.
Harold points at you and mumbles some strange words.
The mark upon you grows brighter.
The zap hits Harold.
The zap hits Harold but does no damage.
Harold points at you and mumbles some strange words.
The harpoon shot hits you!
* * * LOW HITPOINT WARNING * * *
You are yanked forward by the harpoon shot.
Unknown command.
You are starting to lose your buoyancy.
Harold points at you and mumbles some strange words.
The mark upon you grows brighter.
Your magical contamination has completely faded away.
Harold casts a spell at you. The harpoon shot hits you.
You die...

### ..####
#....###########
####...........#
##############.####
#.......# #...@.#
#..(....# #>.##.#
#....<..# #..##.#
........# #@..#@#
#.......# #.#.#.#
#.......# #.#.#.#
#.......# ##.@...#
######### #....###
...# #.####


You could see Harold.

Vanquished Creatures
  A hungry ghost (D:4)
  Duvessa (D:4)
  A sky beast (D:7)
  An ogre (D:5)
  A bullfrog (D:7)
  Dowan (D:4)
  A scorpion (D:4)
  A crimson imp (D:5)
  A hound (D:4)
  4 orc priests
  A bullfrog skeleton (D:5)
  An iguana (D:4)
  2 worker ants
  6 orc wizards
  A hound skeleton (D:6)
  6 gnolls
  5 adders
  4 river rats (D:5)
  A shadow imp (D:5)
  An ooze (D:3)
  An adder skeleton (D:3)
  2 worms (D:2)
  2 dart slugs
  3 leopard geckos
  14 orcs
  6 giant cockroaches
  6 hobgoblins
  8 quokkas
  3 ball pythons
  11 bats
  6 frilled lizards
  12 goblins
  A jackal zombie (D:5)
  10 kobolds
  A leopard gecko zombie (D:7)
  A quokka skeleton (D:5)
  14 rats
142 creatures vanquished.

Vanquished Creatures (collateral kills)
  Grinder (D:6)
  A water moccasin (D:7)
  A sky beast (D:6)
  2 river rats (D:5)
  2 adders (D:7)
  An orc (D:5)
  A frilled lizard (D:5)
  4 rats (D:5)
13 creatures vanquished.

Vanquished Creatures (others)
  6 ancestors
6 creatures vanquished.

Grand Total: 161 creatures vanquished

Notes
Turn   | Place    | Note
-------+----------+-------------------------------------------
     0 | D:1      | MalarOregon the Draconian Air Elementalist began the quest
                  | for the Orb.
     0 | D:1      | Reached XP level 1. HP: 14/14 MP: 3/3
   460 | D:1      | Reached XP level 2. HP: 22/22 MP: 1/5
  1153 | D:2      | Found a burning altar of Makhleb.
  1154 | D:2      | Found a glowing silver altar of Zin.
  1155 | D:2      | Noticed an angel
  1157 | D:2      | Noticed a blizzard demon
  1197 | D:2      | Reached skill level 1 in Fighting
  1197 | D:2      | Reached skill level 1 in Maces & Flails
  1197 | D:2      | Reached XP level 3. HP: 24/28 MP: 0/6
  2063 | D:3      | Reached XP level 4. HP: 35/35 MP: 4/7
  2334 | D:3      | Found a runed translucent door.
  2335 | D:3      | Noticed Crazy Yiuf
  2435 | D:3      | Learned a level 4 spell: Airstrike
  2589 | D:3      | Reached skill level 2 in Maces & Flails
  2589 | D:3      | Reached XP level 5. HP: 18/41 MP: 0/9
  3544 | D:4      | Noticed a hungry ghost
  3568 | D:4      | Killed a hungry ghost
  3568 | D:4      | Reached skill level 3 in Maces & Flails
  3568 | D:4      | Reached XP level 6. HP: 41/50 MP: 3/10
  3953 | D:4      | Found a snail-covered altar of Cheibriados.
  3998 | D:4      | Found a stormy altar of Qazlal.
  4008 | D:4      | Noticed Dowan
  4008 | D:4      | Noticed Duvessa
  4022 | D:4      | Killed Duvessa
  4022 | D:4      | Your scales start taking on an icy white colour.
  4022 | D:4      | Reached XP level 7. HP: 34/57 MP: 2/12
  4022 | D:4      | Gained mutation: Your flesh is cold resistant. (rC+) [White
                  | Draconian growth]
  4023 | D:4      | Killed Dowan
  4023 | D:4      | Reached skill level 4 in Maces & Flails
  4151 | D:4      | Found a bloodstained altar of Trog.
  4672 | D:5      | Entered Level 5 of the Dungeon
  4700 | D:5      | Found a hazy altar of Hepliaklqana.
  4854 | D:5      | Became a worshipper of Hepliaklqana the Forgotten
  5145 | D:5      | Found a staircase to the Ecumenical Temple.
  5170 | Temple   | Entered the Ecumenical Temple
  5609 | D:5      | Reached XP level 8. HP: 36/59 MP: 7/13
  5623 | D:5      | Reached skill level 5 in Maces & Flails
  6238 | D:6      | Found an ancient bone altar of Kikubaaqudgha.
  6573 | D:6      | Noticed Grinder
  6582 | D:6      | Killed Grinder
  6582 | D:6      | Reached skill level 1 in Shields
  6582 | D:6      | Reached skill level 5 in Air Magic
  7084 | D:7      | Noticed Harold
  7207 | D:7      | Reached skill level 6 in Maces & Flails
  7423 | D:6      | HP: 1/60 [Harold/harpoon shot (13)]
  7427 | D:6      | Killed from afar by Harold

Levels and vault maps discovered:
D:1:      lemuel_arrival_river_bridge, layout_basic
D:2:      layout_rooms, grunt_temple_overflow_order_and_chaos_2
D:3:      layout_basic, first_ration, eino_curves_01, grunt_decor_one_mirror,
          minmay_vboxes, uniq_crazy_yiuf_cottage
D:4:      layout_loops_ring, bloody_trog, grunt_qazlal_clouds,
          old_standard_altar, uniq_duvessa
D:5:      lemuel_ratsnest, layout_basic, old_standard_altar,
          minmay_temple_entry_mini_moons
D:6:      layout_loops_cross, kennysheep_mini_moat, st_stairs_10,
          chequers_serial_rivers_micro_b, uniq_grinder
D:7:      layout_cave_pods, kennysheep_mini, uniq_harold
Temple:   minmay_temple_curvy_loop

Skill      XL: |  1  2  3  4  5  6  7  8 |
---------------+-------------------------+-----
Dodging        | 2 3 4 |  4.3
Fighting       | 1 2 3 4 |  4.7
Maces & Flails | 1 2 3 4 6 |  6.0
Conjurations   | 2 |  2.0
Spellcasting   | 3 4 |  4.4
Air Magic      | 4 5 |  5.0
Shields        | 2 |  2.7
Stealth        | |  1.7

Action                   |  1- 3 |  4- 6 |  7- 9 || total
-------------------------+-------+-------+-------++-------
Melee: Unarmed           |     6 |       |       ||     6
       Club              |    15 |       |       ||    15
       Mace              |     6 |    46 |    22 ||    74
       Tailslap          |       |     2 |     6 ||     8
       Flail             |       |       |    53 ||    53
 Cast: Shock             |    78 |   106 |   154 ||   338
       Airstrike         |       |       |     3 ||     3
 Abil: Breathe Frost     |       |       |     1 ||     1
  Use: Scroll            |     8 |       |     5 ||    13
       Potion            |       |       |     1 ||     1
 Stab: Sleeping          |     1 |       |     1 ||     2
  Eat: Chunk             |     5 |     9 |     7 ||    21
       Ration            |       |       |     1 ||     1
Armor: Skin              |    15 |    27 |    37 ||    79
Dodge: Dodged            |    39 |    53 |    72 ||   164
Block: Buckler           |       |       |     9 ||     9

Table legend:
 A = Non-vault XP
 B = Vault XP
 C = Vault XP percentage of total XP
 D = Non-vault monster count
 E = Vault monster count
 F = Vault count percentage of total count
                 A         B        C        D         E       F
            +---------+---------+-------+---------+---------+-------
      Total |    1865 |     657 |  26.1 |     119 |      36 |  23.2
            +---------+---------+-------+---------+---------+-------
        D:1 |      25 |       0 |   0.0 |      16 |       0 |   0.0
        D:2 |      53 |       0 |   0.0 |      20 |       0 |   0.0
        D:3 |     204 |      12 |   5.6 |      30 |       6 |  16.7
        D:4 |     539 |     228 |  29.7 |      22 |       2 |   8.3
        D:5 |     456 |     107 |  19.0 |      21 |      26 |  55.3
        D:6 |     160 |     310 |  66.0 |       3 |       2 |  40.0
        D:7 |     428 |       0 |   0.0 |       7 |       0 |   0.0
            +---------+---------+-------+---------+---------+-------
